 Dungeon Crawl Stone Soup version 0.30-a0-702-gdf48620a09 (webtiles) character file.

Game seed: 2728536168185904754

586 Leeroy the Slasher (level 7, 0/40 HPs)
             Began as a Tengu Warper on Jan 21, 2023.
             Slain by a wraith (9 damage)
             ... in an ossuary.
             The game lasted 00:06:53 (3790 turns).

Leeroy the Slasher (Tengu Warper)                   Turns: 3790, Time: 00:06:53

Health: 0/40       AC:  3    Str: 12    XL:     7   Next: 37%
Magic:  11/11      EV: 13    Int: 13    God:
Gold:   184        SH:  5    Dex: 15    Spells: 1/10 levels left

rFire   . . .      SeeInvis .    e - +3 scimitar
rCold   . . .      Faith    .    p - +2 buckler
rNeg    . . .      Spirit   .    b - +0 leather armour
rPois   .          Reflect  .    (helmet restricted)
rElec   .          Harm     .    (no cloak)
rCorr   .          Rampage  .    (no gloves)
Will    .....                    (boots unavailable)
Stlth   +                        (no amulet)
HPRegen 0.26/turn                (no ring)
MPRegen 0.12/turn                (no ring)

@: flying quickly and evasively, slowed, very slow
A: beak, talons 3, nimble flight
a: no special abilities


You were in an ossuary.
You visited 1 branch of the dungeon, and saw 5 of its levels.
You also visited: Ossuary.

You collected 184 gold pieces.

Inventory:

Hand Weapons
 a - a +0 falchion
 e - a +3 scimitar (weapon)
 q - a +3 short sword
Missiles
 d - 4 boomerangs of dispersal
 n - 4 boomerangs (quivered)
Armour
 b - a +0 leather armour (worn)
 p - a +2 buckler (worn)
Jewellery
 i - a ring of magical power
Wands
 y - a wand of iceblast (10)
Scrolls
 c - a scroll of blinking
 f - a scroll of amnesia {unknown}
 g - 2 scrolls of immolation {unknown}
 k - a scroll of poison {unknown}
 o - a scroll of noise {unknown}
 r - a scroll of fog {unknown}
 s - 2 scrolls of enchant armour {unknown}
 w - a scroll of vulnerability {unknown}
 x - a scroll of enchant weapon {unknown}
Potions
 h - 3 potions of curing
 j - a potion of attraction
 l - 2 potions of haste
 m - a potion of cancellation
 t - a potion of resistance {unknown}
 u - a potion of brilliance


   Skills:
 - Level 2.0 Fighting
 - Level 6.6 Long Blades
 - Level 1.0 Throwing
 - Level 1.1 Armour
 - Level 2.1 Dodging
 - Level 2.0 Spellcasting
 + Level 3.3 Translocations
 * Level 5.4 Air Magic


You had one spell level left.
You knew the following spells:

 Your Spells              Type           Power      Damage    Failure   Level
a - Blink                 Tloc           18%        N/A       19%         2
b - Vhi's Electric Charg  Tloc/Air       24%        N/A       22%         3
c - Manifold Assault      Tloc           9%         N/A       75%         4

Your spell library contained the following spells:

 Spells                   Type           Power      Damage    Failure   Level
 Apportation              Tloc           18%        N/A       12%         1
 Lesser Beckoning         Tloc           18%        N/A       19%         2
 Static Discharge         Conj/Air       16%        2-3/arc   22%         2
 Teleport Other           Tloc           9%         N/A       34%         3
 Ozocubu's Armour         Ice            1%         N/A       80%         3
 Arcjolt                  Conj/Air       4%         1d14      99%         5
 Lightning Bolt           Conj/Air       4%         1d15      99%         5
 Alistair's Intoxication  Tmut/Pois      0%         N/A       100%        5
 Ozocubu's Refrigeration  Ice            0%         4d7       100%        7


Dungeon Overview and Level Annotations

Branches:
Dungeon (5/15)            Ossuary (1/1)
 Temple: D:4-7

Altars:
Cheibriados

Annotations:
D:3 2 transporters, Anon1729's ghost, amateur MiMo


Innate Abilities, Weirdness & Mutations

You have a beak for a mouth.
You have claws for feet.
Your magical nature lets you fly swiftly and evasively.


Message History

The wraith hits you. The wraith drains your vigour!
You feel yourself slow down.
You barely miss the wraith. Your kick misses the wraith.
The wraith is moderately damaged.
You block the wraith's attack. The wraith barely misses you.
You slash the wraith!
The wraith is heavily damaged.
The wraith hits you. You block the wraith's attack.
You slash the wraith! Your kick misses the wraith.
The wraith is severely damaged.
You block the wraith's attack.
You hit the wraith but do no damage.
The wraith is severely damaged.
The wraith barely misses you. The wraith hits you.
The wraith drains your vigour!
You feel as though you will be slow longer.
You barely miss the wraith.
The wraith is severely damaged.
The wraith hits you.
You hit the wraith but do no damage. Your kick misses the wraith.
You peck the wraith, but do no damage.
The wraith is severely damaged.
You block the wraith's attack. The wraith hits you.
The wraith drains your vigour!
You feel as though you will be slow longer.
You closely miss the wraith. Your peck misses the wraith.
The wraith is severely damaged.
The wraith closely misses you.
You barely miss the wraith. You claw the wraith, but do no damage.
The wraith is severely damaged.
The wraith hits you! The wraith drains your vigour!
You feel as though you will be slow longer.
The wraith hits you.
* * * LOW HITPOINT WARNING * * *
The wraith drains your vigour!
You feel as though you will be slow longer.
You hit the wraith. Your kick misses the wraith. Your peck misses the wraith.
The wraith is almost destroyed.
The wraith hits you!
You die...

########### #..........
#.'##..###. #.#.#..#z#.
############### ### #[###..###.
.#.#.#.##.....# #z# #..........
'#'#)#'##.8.8.#####▓###.###......
........'.......@W....'.#z#......
'#'#'#'##.8.8.#####▓###.###......
.#.#.#.##.....# #W# #..........
############### ### #.###..###.
#.# #..#z#. #.+##..###.
#.......... ###########


You could see a wraith.

Vanquished Creatures
  A wraith (Ossuary)
  2 wights (Ossuary)
  A howler monkey (D:4)
  A hound (D:5)
  An iguana (D:5)
  3 orc wizards (D:3)
  3 gnolls (D:5)
  3 adders
  An ufetubus (D:5)
  2 adder zombies (Ossuary)
  A worm (D:2)
  3 dart slugs
  7 orcs (D:3)
  9 ball pythons
  6 endoplasms
  3 giant cockroaches
  2 goblins
  6 hobgoblins
  6 kobolds
  3 quokkas
  A ball python skeleton (Ossuary)
  7 bats
  2 frilled lizards
  A hobgoblin skeleton (Ossuary)
  4 kobold zombies (Ossuary)
  An orc zombie (Ossuary)
  8 rats
88 creatures vanquished.

Vanquished Creatures (others)
  7 fungi (D:3)
  6 plants (D:3)
13 creatures vanquished.

Grand Total: 101 creatures vanquished

Notes
Turn   | Place    | Note
-------+----------+-------------------------------------------
     0 | D:1      | Leeroy the Tengu Warper began the quest for the Orb.
     0 | D:1      | Reached XP level 1. HP: 12/12 MP: 4/4
   139 | D:1      | Reached skill level 3 in Long Blades
   139 | D:1      | Reached XP level 2. HP: 17/17 MP: 6/6
   800 | D:2      | Reached XP level 3. HP: 17/21 MP: 7/7
   968 | D:2      | Reached skill level 4 in Long Blades
  1286 | D:2      | Learned a level 2 spell: Blink
  1290 | D:2      | Learned a level 3 spell: Vhi's Electric Charge
  1443 | D:3      | Reached XP level 4. HP: 4/26 MP: 8/8
  1448 | D:3      | Reached skill level 5 in Long Blades
  1649 | D:3      | Found a transporter.
  1664 | D:3      | Gained mutation: Your magical nature lets you fly swiftly
                  | and evasively. [Tengu growth]
  1664 | D:3      | Reached XP level 5. HP: 27/30 MP: 9/9
  1851 | D:3      | Found a snail-covered altar of Cheibriados.
  1867 | D:3      | Reached skill level 6 in Long Blades
  2192 | D:3      | Found a transporter.
  2204 | D:3      | Noticed Anon1729's ghost (amateur MiMo)
  2433 | D:4      | Noticed a black bear
  2436 | D:4      | Reached XP level 6. HP: 35/35 MP: 10/10
  2453 | D:5      | Entered Level 5 of the Dungeon
  2455 | D:5      | Reached skill level 1 in Air Magic
  2830 | D:5      | Found a sand-covered staircase.
  2839 | Ossuary  | Entered an ossuary
  3196 | Ossuary  | Noticed a flying skull
  3196 | Ossuary  | Noticed a wraith
  3203 | Ossuary  | Noticed a flying skull
  3205 | Ossuary  | Noticed a flying skull
  3237 | Ossuary  | Noticed a flying skull
  3243 | Ossuary  | Noticed a wraith
  3271 | Ossuary  | Noticed a flying skull
  3517 | Ossuary  | Learned a level 4 spell: Manifold Assault
  3564 | Ossuary  | Killed a wraith
  3565 | Ossuary  | Reached skill level 5 in Air Magic
  3565 | Ossuary  | Reached XP level 7. HP: 20/40 MP: 11/11
  3765 | Ossuary  | Noticed a wraith
  3790 | Ossuary  | Slain by a wraith

Illustrated notes

Levels and vault maps discovered:
D:1:      lightli_arrival_maybe_door_vault, layout_basic
D:2:      layout_loops_ring
D:3:      layout_loops_ring, mainiacjoe_overflow_alcove_4,
          gammafunk_ghost_gnarly_gnolls, grunt_decor_one_mirror
D:4:      lemuel_castle_with_subvaults [lemuel_castle_interior_carwin_1],
          layout_basic, bloody_makhleb, minmay_temple_entry_glassed_door,
          minmay_misc_feat_square
D:5:      cheibrodos_barr_body, layout_loops_ring, kennysheep_little_box,
          enter_ossuary_1
Ossuary:  ossuary_due_cavern

Skill      XL: |  1  2  3  4  5  6 |
---------------+-------------------+-----
Long Blades    | 3 4 5 6 |  6.6
Air Magic      | 5 |  5.4
Translocations | 3 |  3.3
Fighting       | |  2.0
Throwing       | |  1.0
Armour         | |  1.1
Dodging        | |  2.1
Spellcasting   | |  2.0

Action                   |  1- 3 |  4- 6 |  7- 9 || total
-------------------------+-------+-------+-------++-------
Melee: Falchion          |    86 |    66 |       ||   152
       Kick              |    19 |    47 |     4 ||    70
       Peck              |     7 |    34 |     3 ||    44
       Punch             |       |     1 |       ||     1
       Short sword       |       |   111 |     5 ||   116
       Scimitar          |       |       |    10 ||    10
Throw: Boomerang         |       |     3 |     2 ||     5
 Cast: Blink             |       |     3 |     1 ||     4
       Vhi's Electric Ch |       |     1 |       ||     1
Evoke: Wand              |       |     4 |     4 ||     8
  Use: Potion            |     1 |     3 |       ||     4
       Scroll            |       |     4 |       ||     4
 Stab: Sleeping          |     1 |     1 |       ||     2
Armor: Leather armour    |    18 |    34 |       ||    52
Dodge: Dodged            |    52 |    92 |     5 ||   149
Block: Buckler           |       |    23 |     4 ||    27

Table legend: (Time is in decaauts)
 A = Elapsed time spent in this place.
 B = Non-inter-level travel time spent in this place.
 C = Inter-level travel time spent in this place.
 D = Time resting spent in this place.
 E = Time spent auto-exploring this place.
 F = Levels seen in this place.
 G = Mean time per level.
                   A        B        C        D        E       F      G
               +--------+--------+--------+--------+--------+-----+--------+
         Total |   3674 |   3636 |     38 |    489 |   2378 |   6 |  612.3 |
       Dungeon |   2753 |   2715 |     38 |      0 |   2118 |   5 |  550.6 |
       Ossuary |    920 |    920 |      0 |    489 |    259 |   1 |  920.0 |
               +--------+--------+--------+--------+--------+-----+--------+

Top non-repeatable levels by time:
 Ossuary: 920 daAuts
     D:3: 868 daAuts
     D:1: 757 daAuts
     D:2: 644 daAuts
     D:5: 369 daAuts
     D:4: 114 daAuts
